Map: Lerilak Crest

Players

SticklerMac

  • Race: Zerg Zerg
  • League: Bronze

Dorian - Winner!

  • Race: Terran Terran
  • League: Bronze

VOD

Have the link to the VOD?

Description

Time

  • Played on: Aug. 11, 2015, 8:50 p.m.
  • Length: 12:30
Show
View Real Time Build Order
Export as new Build Order

SticklerMac Zerg 

Build Orders: Hatch First, Zergling Baneling 

Get SALT Encoding   

  12  0:01  Drone  
  13  0:14  Overlord  
  13  0:17  Drone  
  14  0:35  Drone x2  
  16  0:54  Hatchery  
  16  0:56  Drone  
  16  1:00  Drone  
  17  1:10  Drone  
  18  1:19  Spawning Pool  
  18  1:23  Extractor  
  18  1:24  Drone  
  17  1:31  Drone  
  18  1:38  Drone  
  19  1:55  Drone  
  19  2:00  Drone  
  21  2:13  Drone  
  23  2:15  Drone  
  23  2:20  Drone, Queen  
  23  2:21  Queen  
  23  2:22  Overlord  
  28  2:27  Metabolic Boost  
  28  2:47  Overlord  
  28  2:48  Zergling x4  
  28  2:49  Zergling x2  
  28  2:51  Drone  
  32  2:53  Drone  
  33  3:03  Lair  
  33  3:06  Drone x2  
  35  3:13  Zergling x2  
  36  3:20  Spine Crawler  
  35  3:32  Zergling x18  
  43  3:46  Overlord  
  43  3:47  Overlord x2  
  43  3:48  Overlord  
  43  3:57  Baneling Nest  
  42  4:04  Zergling x4  
  44  4:22  Zergling x8  
  44  4:23  Zergling x10  
  52  4:35  Zergling x2  
  52  4:36  Zergling x2  
  51  4:53  Baneling x6  
  51  4:54  Baneling x4  
  51  4:56  Zergling x14  
  51  4:57  Zergling x2  
  53  5:19  Zergling x2  
  53  5:20  Zergling x6  
  51  5:32  Drone x2  
  52  5:35  Baneling  
  52  5:36  Baneling  
  52  5:46  Drone  
  52  5:47  Drone x3  
  56  5:50  Extractor  
  56  5:51  Extractor  
  51  6:24  Spire  
  50  6:26  Extractor  
  50  6:29  Drone x12  
  55  7:36  Mutalisk x2  
  55  7:37  Mutalisk x4  
  57  7:39  Zergling x2  
  57  7:40  Zergling x14  
  75  7:44  Overlord  
  75  8:05  Overlord x2  
  75  8:06  Overlord x2  
  75  8:07  Hatchery  
  75  8:10  Hatchery  
  75  8:12  Overlord x2  
  73  8:21  Overlord x3  
  73  8:33  Mutalisk x3  
  73  8:34  Mutalisk  
  75  8:39  Mutalisk x2  
  78  9:07  Mutalisk  
  78  9:08  Mutalisk x3  
  72  9:14  Mutalisk  
  71  9:28  Queen  
  71  9:29  Queen  
  71  9:30  Overlord x2  
  71  9:31  Overlord  
  75  9:33  Corruptor x2  
  79  9:54  Overlord  
  79  9:58  Corruptor x2  
  83  10:00  Corruptor  
  59  10:51  Mutalisk x5  
  69  11:06  Drone x2  
  69  11:07  Drone x6  
  69  11:08  Drone x2  
  79  11:24  Drone x3  
  79  11:25  Drone x3  
  83  11:43  Mutalisk x4  
  83  11:45  Mutalisk  
  83  11:47  Zergling x18  
  98  12:08  Zergling x16  
  99  12:09  Zergling x4  
Show
View Real Time Build Order
Export as new Build Order

Dorian Terran - Winner!

Build Orders:  

Get SALT Encoding   

  12  0:01  SCV  
  13  0:14  SCV  
  14  0:26  SCV, Supply Depot  
  15  0:35  Refinery  
  15  0:47  SCV  
  16  0:50  Barracks  
  16  0:54  Refinery  
  16  0:59  SCV  
  17  1:12  SCV  
  18  1:24  SCV  
  19  1:28  Supply Depot  
  19  1:36  SCV  
  20  1:41  Marine  
  21  1:48  SCV  
  22  1:59  Marine  
  23  2:17  Factory, Marine  
  23  2:19  Orbital Command  
  24  2:35  Reaper  
  25  2:39  Command Center  
  25  3:00  Factory Tech Lab  
  25  3:04  Starport  
  25  3:12  Marine  
  26  3:17  SCV  
  27  3:29  SCV  
  28  3:41  Marine  
  28  3:43  Medivac  
  28  3:48  Supply Depot  
  31  3:51  Siege Tank, Orbital Command  
  34  3:59  Marine  
  34  4:23  Siege Tank, Medivac  
  39  4:35  Marine  
  40  4:53  Marine, Starport Reactor  
  40  4:55  Siege Tank  
  44  5:11  Marine  
  45  5:23  Orbital Command  
  45  5:27  Siege Tank  
  48  5:29  Marine  
  49  5:39  Medivac x2  
  53  5:47  Marine  
  53  5:49  Supply Depot  
  54  5:53  Liberator  
  54  5:55  Barracks  
  54  5:59  Barracks  
  54  6:10  Marine  
  58  6:40  Liberator  
  58  7:00  Barracks Reactor  
  61  7:04  Barracks Tech Lab  
  61  7:10  Marine  
  62  7:29  Stimpack  
  62  7:41  Refinery  
  62  7:45  Barracks Reactor  
  62  7:48  Liberator x2  
  68  8:06  Supply Depot  
  68  8:08  Supply Depot  
  68  8:17  SCV x2, Armory  
  70  8:22  Refinery  
  70  8:29  SCV x2  
  70  8:31  Liberator  
  72  8:35  Supply Depot  
  72  8:38  Supply Depot, Widow Mine  
  72  8:41  SCV x2  
  79  8:52  Orbital Command  
  79  8:53  SCV  
  74  9:05  SCV  
  74  9:06  Widow Mine  
  71  9:17  SCV  
  71  9:18  Marine x5  
  71  9:20  Liberator x2  
  77  9:29  Combat Shields  
  77  9:32  SCV  
  77  9:35  Marine, Widow Mine  
  77  9:36  Marine x4  
  91  9:44  SCV  
  92  9:48  Supply Depot  
  92  9:53  Marine  
  92  9:54  Marine x4  
  92  9:56  SCV  
  92  9:59  SCV  
  99  10:08  SCV  
  99  10:11  SCV, Marine  
  99  10:12  Marine x4  
  106  10:20  SCV  
  107  10:23  SCV  
  96  10:30  Liberator x2, Marine  
  96  10:32  SCV  
  96  10:35  SCV  
  96  10:38  Marine  
  96  10:39  Marine x3  
  100  10:44  SCV  
  100  10:47  SCV, Marine  
  109  10:56  Marine  
  110  11:04  Supply Depot  
  110  11:05  Supply Depot  
  110  11:06  Supply Depot  
  110  11:08  Supply Depot, Marine x4  
  110  11:10  Supply Depot  
  114  11:13  Liberator x2  
  114  11:14  Marine  
  115  11:26  Marine x4  
  115  11:28  Command Center  
  115  11:32  Marine  
  126  11:51  Marine  
  126  11:52  Marine x4  
  131  12:09  Marine  
  131  12:10  Marine x4  
Tags
 
Add a new tag
Caveats
  • Supply blocks, unpowered buildings, or Contaminate may cause inaccurate times.
  • Supply counts are checked every 10 seconds.